 Dungeon Crawl Stone Soup version 0.25-a0-696-g42a9e46d90 (console) character file.

Game seed: 5639997405871260712, levelgen mode: classic

193 Duffy the Chopper (level 5, -2/49 HPs)
             Began as a Naga Gladiator on Mar 31, 2020.
             Killed by nerve-wracking pain
             ... invoked by Menkaure
              (5 damage)
             ... on level 4 of the Dungeon.
             The game lasted 00:02:30 (2869 turns).

Duffy the Chopper (Naga Gladiator)                  Turns: 2869, Time: 00:02:31

Health: -2/49      AC:  6    Str: 22    XL:     5   Next: 72%
Magic:  5/5        EV:  8    Int:  9    God:
Gold:   110        SH:  2    Dex: 12    Spells: 4/4 levels left

rFire    . . .     SeeInvis +   a - +0 war axe
rCold    . . .     Gourm    .   (no shield)
rNeg     . . .     Faith    .   q - +0 scale mail
rPois    +         Spirit   .   c - +0 helmet
rElec    .         Reflect  +   (no cloak)
rCorr    .         Harm     .   x - +0 pair of gloves
MR       .....                  (no barding)
Stlth    ..........             j - +2 amulet of reflection
HPRegen  0.16/turn              b - +5 ring of strength
MPRegen  0.09/turn              (no ring)

@: very slow
A: large, see invisible, deformed body, poison resistance, slowness 2, slow
metabolism 1, spit poison 1, AC +1
a: Spit Poison


You were on level 4 of the Dungeon.
You were not hungry.

You visited 1 branch of the dungeon, and saw 4 of its levels.

You collected 110 gold pieces.

Inventory:

Hand Weapons
 a - a +0 war axe (weapon)
Missiles
 p - 2 atropa-tipped darts (quivered)
Armour
 c - a +0 helmet (worn)
 q - a +0 scale mail (worn)
 x - a +0 pair of gloves (worn)
Jewellery
 b - a +5 ring of strength (left hand)
 j - a +2 amulet of reflection (around neck)
Scrolls
 g - 2 scrolls of immolation
 i - 2 scrolls of fear
 l - a scroll of teleportation
 n - a scroll of enchant armour {unknown}
 o - 2 scrolls of remove curse
 r - a scroll of fog {unknown}
 v - a scroll of amnesia {unknown}
Potions
 e - a potion of brilliance {unknown}
 h - a potion of degeneration {unknown}
 k - a potion of might {unknown}
 m - a potion of heal wounds {unknown}
 s - a potion of stabbing {unknown}
 t - 2 potions of lignification {unknown}
 u - a potion of resistance {unknown}
 w - 2 potions of curing {unknown}
Comestibles
 f - 8 rations
 z - 3 chunks of flesh


   Skills:
 + Level 3.5 Fighting
 * Level 5.4 Axes
 - Level 1.7 Throwing
 - Level 2.4 Dodging


You had 4 spell levels left.
You didn't know any spells.
Your spell library was empty.

Dungeon Overview and Level Annotations

Branches:
Dungeon (4/15)
 Temple: D:4-7

Altars:
Sif Muna

Annotations:
D:4 Menkaure


Innate Abilities, Weirdness & Mutations

You cannot wear boots.
Your serpentine skin is tough. (AC +1)
You have supernaturally acute eyesight. (SInv)
Armour fits poorly on your strangely shaped body.
Your system is resistant to poisons. (rPois)
You cover ground very slowly.
You have a slow metabolism.
You can spit poison.


Message History

Menkaure struggles against the net.
You catch the helpless Menkaure completely off-guard!
You slash Menkaure!
Menkaure is severely damaged.
Menkaure struggles against the net. x2
The net rips apart, and Menkaure comes free!
Throwing (i - inventory. (/) - cycle)
d - 2 throwing nets (quivered)
Press: ? - help, Shift-Dir - straight line, p - Menkaure You throw a throwing net.
The throwing net barely misses Menkaure.
Menkaure hits you but does no damage.
Throwing (i - inventory. (/) - cycle)
d - a throwing net (quivered)
Press: ? - help, Shift-Dir - straight line, f - Menkaure
Aim: Menkaure (severely damaged, fast)
You throw a throwing net. The throwing net hits Menkaure.
Menkaure is caught in the net!
Menkaure is severely damaged.
Menkaure points at you and mumbles some strange words.
Pain shoots through your body!
You die...

#......# #.....### .
##....##.## .. ##......
..#
...##########.....###..#
........).............###
.........)......###.....#
........).......##.....#
(.....M@....###......##
.(..#.#.#.### #.......###
..... ###..# #.......#.#
... #...#............ ...
###........##.... ##
....##..##.....
...###..##.#..#
.......##..#...
.......%...#.#


You could see Menkaure (caught).

Vanquished Creatures
  A hound (D:4)
  A hound skeleton (D:4)
  6 adders
  2 oozes
  2 worms
  4 dart slugs
  A leopard gecko (D:1)
  5 orcs
  5 bats
  4 goblins (D:1)
  6 hobgoblins
  10 jackals
  3 frilled lizards
  13 kobolds
  9 rats
72 creatures vanquished.

Notes
Turn   | Place    | Note
-------+----------+-------------------------------------------
     0 | D:1      | Duffy the Naga Gladiator began the quest for the Orb.
     0 | D:1      | Reached XP level 1. HP: 19/19 MP: 1/1
   172 | D:1      | Reached XP level 2. HP: 22/26 MP: 2/2
   469 | D:1      | Reached XP level 3. HP: 29/33 MP: 3/3
   702 | D:1      | Reached skill level 4 in Axes
  1487 | D:2      | Reached XP level 4. HP: 35/40 MP: 4/4
  1741 | D:2      | Found a shimmering blue altar of Sif Muna,
  2411 | D:3      | Reached XP level 5. HP: 49/49 MP: 5/5
  2423 | D:3      | Reached skill level 5 in Axes
  2857 | D:4      | Noticed Menkaure
  2863 | D:4      | HP: 2/49 [Menkaure (6)]
  2869 | D:4      | Killed from afar by Menkaure

Levels and vault maps discovered:
D:1:      lemuel_arrival_muddy, layout_basic, st_stairs_13
D:2:      layout_loops_ring, lemuel_blue_sif_altar, first_ration
D:3:      layout_rooms, kennysheep_generic_room_16
D:4:      layout_cave_pools, marbit_many_paths, lemuel_doored_altar,
          chequers_serial_rivers_micro_a, uniq_menkaure

Skill      XL: |  1  2  3  4  5 |
---------------+----------------+-----
Axes           | 4 5 |  5.4
Fighting       | 3 |  3.5
Throwing       | |  1.7
Dodging        | |  2.4

Action                   |  1- 3 |  4- 6 || total
-------------------------+-------+-------++-------
Melee: War axe           |    71 |   110 ||   181
Throw: Throwing net      |       |     3 ||     3
  Use: Scroll            |       |     4 ||     4
 Stab: Held in net/web   |       |     1 ||     1
  Eat: Chunk             |       |     5 ||     5
Armor: Leather armour    |    24 |       ||    24
       Scale mail        |    11 |    58 ||    69
Dodge: Dodged            |    65 |    57 ||   122
Block: Other             |     1 |     8 ||     9

Table legend:
 A = Non-vault XP
 B = Vault XP
 C = Vault XP percentage of total XP
 D = Non-vault monster count
 E = Vault monster count
 F = Vault count percentage of total count
                 A         B        C        D         E       F
            +---------+---------+-------+---------+---------+-------
      Total |     262 |      14 |   5.1 |      70 |       2 |   2.8
            +---------+---------+-------+---------+---------+-------
        D:1 |      55 |       1 |   1.8 |      27 |       1 |   3.6
        D:2 |      88 |       0 |   0.0 |      22 |       0 |   0.0
        D:3 |      34 |      13 |  27.7 |      12 |       1 |   7.7
        D:4 |      85 |       0 |   0.0 |       9 |       0 |   0.0
            +---------+---------+-------+---------+---------+-------
